 Dungeon Crawl Stone Soup version 0.22-a0-348-gd16d139 (webtiles) character file.

11 Amnesiac the Cutter (level 2, 0/15 HPs)
             Began as a Vine Stalker Gladiator on Apr 8, 2018.
             Slain by a hobgoblin
             ... wielding a +0 club
              (1 damage)
             ... on level 1 of the Dungeon.
             The game lasted 00:00:22 (265 turns).

Amnesiac the Cutter (Vine Stalker Gladiator)         Turns: 265, Time: 00:00:23

Health: 0/15       AC:  4    Str: 16    XL:     2   Next: 25%
Magic:  0/3        EV: 12    Int:  8    God:
Gold:   9          SH:  0    Dex: 15    Spells: 1/1 levels left

rFire    . . .     SeeInvis .   a - +0 rapier
rCold    . . .     Gourm    .   (no shield)
rNeg     . . .     Faith    .   b - +0 leather armour
rPois    .         Spirit   +   c - +0 helmet
rElec    .         Reflect  .   (no cloak)
rCorr    .         Harm     .   (no gloves)
MR       .....                  (no boots)
Stlth    +.........             (no amulet)
HPRegen  0.05/turn              (no ring)
MPRegen  0.08/turn              (no ring)

@: no status effects
A: fangs 2, magic shield, antimagic bite, no potion heal 3, rot immunity
a: no special abilities


You were on level 1 of the Dungeon.
You were not hungry.

You visited 1 branch of the dungeon, and saw 1 of its levels.

You collected 9 gold pieces.

Inventory:

Hand Weapons
 a - a +0 rapier (weapon)
Missiles
 d - 3 throwing nets (quivered)
Armour
 b - a +0 leather armour (worn)
 c - a +0 helmet (worn)
Comestibles
 f - a ration


   Skills:
 - Level 1.7 Fighting
 + Level 3.3 Short Blades
 - Level 1.7 Throwing
 - Level 2.4 Dodging


You had one spell level left.
You didn't know any spells.

Dungeon Overview and Level Annotations

Branches:
Dungeon (1/15)

Altars:


Innate Abilities, Weirdness & Mutations

You have extremely sharp teeth.
When hurt, damage is shared between your health and your magic reserves.
Your bite disrupts and absorbs the magic of your enemies.
Potions cannot restore your health.
You are immune to rotting.


Message History

An ooze comes into view.
There are monsters nearby!
The hobgoblin barely misses you.
The kobold throws a stone.
The stone barely misses you.
You barely miss the leopard gecko. The leopard gecko barely misses you.
The hobgoblin hits you with a club.
You closely miss the leopard gecko. The leopard gecko barely misses you.
The hobgoblin misses you.
A hobgoblin comes into view. It is wielding a club.
You hit the leopard gecko. You bite the leopard gecko. You drain its power.
The leopard gecko is severely wounded.
The leopard gecko closely misses you. The hobgoblin hits you with a club.
The leopard gecko closely misses you.
You hit the leopard gecko.
You kill the leopard gecko!
The kobold closely misses you.
The hobgoblin hits you but does no damage.
You barely miss the kobold. The kobold hits you with a club.
* * * LOW HITPOINT WARNING * * *
You hit the ooze but do no damage. You bite the ooze. You drain its power.
You feel invigorated.
The ooze is lightly wounded.
The hobgoblin closely misses you. The ooze closely misses you.
The kobold hits you with a club.
* * * LOW HITPOINT WARNING * * *
The ooze hits you but does no damage.
You see here 2 stones.
You hit the hobgoblin but do no damage. The hobgoblin hits you with a club.
* * * LOW HITPOINT WARNING * * *
You hit the hobgoblin but do no damage. You bite the hobgoblin.
You drain its power.
You feel invigorated.
The hobgoblin is moderately wounded.
The hobgoblin hits you with a club.
* * * LOW HITPOINT WARNING * * *
2 jackals come into view.
The jackal barks!
You hear a bark! x3
Found 15 arrows.
A jackal comes into view.
The jackal closely misses you. The jackal closely misses you.
Found 25 stones.
You barely miss the jackal. You bite the jackal. You drain its power.
You feel invigorated.
The jackal is heavily wounded.
The jackal bites you but does no damage.
You barely miss the jackal.
The jackal is heavily wounded.
The ooze jiggles.
The jackal misses you.
The jackal bites you but does no damage.
You miss the jackal. You bite the jackal. You drain its power.
The jackal is almost dead.
The jackal bites you.
* * * LOW HITPOINT WARNING * * *
A jackal comes into view.
The jackal barks!
You hit the jackal.
You kill the jackal!
The hobgoblin hits you but does no damage.
You closely miss the jackal. You bite the jackal. You drain its power.
You feel invigorated.
The jackal is moderately wounded.
The jackal closely misses you. The hobgoblin hits you with a club.
You die...

########## ######
#........# #....##
#........# #....#.
#........# #....#.
#...(hg..##### #....#.
#....@gh.K...###....#.
#######J..h...##......
######..##......
#).........
##.J#####..
#.h#....K#.
#..#....J..#
...#....<....
..#...#.......#


You could see an ooze, 3 jackals, 2 hobgoblins and a kobold.

Vanquished Creatures
  An ooze (D:1)
  A dart slug (D:1)
  A leopard gecko (D:1)
  A jackal (D:1)
4 creatures vanquished.

Notes
Turn   | Place    | Note
-------+----------+-------------------------------------------
     0 | D:1      | Amnesiac the Vine Stalker Gladiator began the quest for the Orb.
     0 | D:1      | Reached XP level 1. HP: 11/11 MP: 2/2
     8 | D:1      | Reached skill level 3 in Short Blades
    11 | D:1      | Reached XP level 2. HP: 4/15 MP: 3/3
   265 | D:1      | Slain by a hobgoblin

Vault maps used:
D:1:      scummos_arrival_hexagon

Skill      XL: |  1 |
---------------+----+-----
Short Blades   | 3 |  3.3
Fighting       | |  1.7
Throwing       | |  1.7
Dodging        | |  2.4

Action                   || total
-------------------------++-------
Melee: Rapier            ||    18
       Bite              ||     9
Armor: Leather armour    ||     8
Dodge: Dodged            ||    18

Table legend:
 A = Spawn XP
 B = Non-spawn XP
 C = Spawn XP percentage of total XP
 D = Spawn monster count
 E = Non-spawn monster count
 F = Spawn count percentage of total count
 G = Total turns spent on level
                    A         B        C        D         E        F      G
               +---------+---------+-------+---------+---------+-------+---------
         Total |       0 |      16 |   0.0 |       0 |       4 |   0.0 |   265
               +---------+---------+-------+---------+---------+-------+---------
           D:1 |       0 |      16 |   0.0 |       0 |       4 |   0.0 |   265
               +---------+---------+-------+---------+---------+-------+---------
